 Seeded DCSS version 0.30.1-4-g462c640d31 (webtiles) character file.

Game seed: 20230804 (custom seed)

35 AccursedSamuel the Sneak (level 3, -1/23 HPs)
             Began as a Tengu Delver on Aug 10, 2023.
             Slain by a river rat (4 damage)
             ... in a sewer.
             The game lasted 00:02:17 (394 turns).

AccursedSamuel the Sneak (Tengu Delver)              Turns: 394, Time: 00:02:18

Health: -1/23      AC:  3    Str: 14    XL:     3   Next: 33%
Magic:  4/4        EV: 12    Int: 10    God:
Gold:   23         SH:  0    Dex: 15    Spells: 2/2 levels left

rFire   . . .        a - +0 spear
rCold   . . .        (no shield)
rNeg    . . .        b - +0 leather armour
rPois   .            (helmet restricted)
rElec   .            (no cloak)
rCorr   .            (no gloves)
SInv    .            (boots unavailable)
Will    .....        (no amulet)
Stlth   +++          (no ring)
HPRegen 0.23/turn    (no ring)
MPRegen 0.09/turn

%: no passive effects
@: no status effects
A: beak, talons 3
a: no special abilities


You were in a sewer.
You visited 1 branch of the dungeon, and saw 2 of its levels.
You also visited: Sewer.

You collected 23 gold pieces.

Inventory:

Hand Weapons
 a - a +0 spear (weapon)
 h - a +0 flail of holy wrath
Armour
 b - a +0 leather armour (worn)
Wands
 g - a wand of digging (3)
Scrolls
 c - a scroll of fog
 d - a scroll of magic mapping
 e - a scroll of fear
Potions
 f - a potion of haste


   Skills:
 + Level 3.2 Fighting
 + Level 2.5 Polearms
 + Level 0.3 Armour
 + Level 2.3 Dodging
 + Level 5.6 Stealth


You had 2 spell levels left.
You didn't know any spells.
Your spell library was empty.

Dungeon Overview and Level Annotations

Branches:
Dungeon (5/15)             Temple (0/1) D:5           Sewer (1/1)

Altars:


Innate Abilities, Weirdness & Mutations

You have a beak for a mouth.
You have claws for feet.


Message History

A river rat and a worm come into view.
An endoplasm comes into view.
You enter the shallow water.
Moving in this stuff is going to be slow.
The river rat barely misses you.
You hit the river rat.
The river rat is lightly wounded.
The river rat bites you.
You closely miss the river rat.
You claw the river rat, but do no damage.
The river rat is lightly wounded.
The river rat barely misses you.
You hit the river rat but do no damage.
The river rat is lightly wounded.
The river rat bites you.
You closely miss the river rat.
The river rat is lightly wounded.
The river rat bites you!
* * * LOW HITPOINT WARNING * * *
The endoplasm quivers.
You hit the river rat but do no damage. Your kick misses the river rat.
The river rat is lightly wounded.
The river rat closely misses you.
You hit the river rat but do no damage. Your peck misses the river rat.
The river rat is lightly wounded.
The river rat misses you.
You hit the river rat but do no damage. You peck the river rat.
The river rat is moderately wounded.
The river rat barely misses you.
You completely miss the river rat.
The river rat is moderately wounded.
The river rat bites you.
* * * LOW HITPOINT WARNING * * *
You hit the river rat but do no damage. You peck the river rat.
The river rat is heavily wounded.
The river rat barely misses you.
You hit the river rat but do no damage. You peck the river rat.
The river rat is heavily wounded.
The river rat bites you.
You die...

#############
####.~.~......~####
##~~~.~†..†..~~~~~.##
#..wr@#########†~..~#
##.~~### ###...#
##~~.## ##..# #~~~.#
#.~# ....~~~## #..#
~..~.~#
###########~.# ~..~.#
#..~...~...~.# ~~~..
#~~.~......~.# ~.#.~
#..###########


You could see a worm and a river rat.

Vanquished Creatures
  3 adders
  A worm (D:4)
  A giant cockroach (Sewer)
  2 ball pythons (D:4)
  A kobold (D:4)
  A rat (D:4)
9 creatures vanquished.

Notes
Turn   | Place    | Note
-------+----------+-------------------------------------------
     0 | D:5      | AccursedSamuel the Tengu Delver began the quest for the
                  | Orb.
     0 | D:5      | Reached XP level 1. HP: 14/14 MP: 2/2
     8 | D:5      | Found a staircase to the Ecumenical Temple.
    87 | D:4      | Reached XP level 2. HP: 12/19 MP: 3/3
   202 | D:4      | Found a glowing drain.
   274 | Sewer    | Entered a sewer
   359 | Sewer    | Reached XP level 3. HP: 22/23 MP: 4/4
   394 | Sewer    | Slain by a river rat

Illustrated notes

Levels and vault maps discovered:
D:4:      layout_basic, gammafunk_temple_overflow_forgotten,
          portal_sewer_entry_b
D:5:      layout_rooms, mainiacjoe_overflow_two_lobes, temple_pool_b,
          serial_shops, nicolae_shop_window_shopping, ebering_ghost_inner_flame
Sewer:    sewer_hellmonk_slimy_pipes

Action                     || total
---------------------------++-------
  Melee: Spear             ||    36
         Kick              ||     7
         Peck              ||     6
 Armour: Leather armour    ||     5
  Dodge: Dodged            ||    21
